 Dungeon Crawl Stone Soup version 0.22-a0-456-g11ed031 (webtiles) character file.

270 Curus the Changer (level 6, -17/43 HPs)
             Began as a Merfolk Transmuter on June 6, 2018.
             Killed from afar by Ijyb (26 damage)
             ... with a wand of acid (6)
             ... on level 4 of the Dungeon.
             The game lasted 00:22:05 (2930 turns).

Curus the Changer (Merfolk Transmuter)              Turns: 2930, Time: 00:22:07

Health: -17/43     AC:  2    Str: 10    XL:     6   Next: 22%
Magic:  7/9        EV: 13    Int: 15    God:
Gold:   132        SH:  2    Dex: 14    Spells: 5/9 levels left

rFire    . . .     SeeInvis .     - Unarmed
rCold    + . .     Gourm    .   (no shield)
rNeg     . . .     Faith    .   b - +0 robe
rPois    +         Spirit   .   (no helmet)
rElec    .         Reflect  +   (no cloak)
rCorr    .         Harm     .   (no gloves)
MR       .....                  (no boots)
Stlth    +.........             g - +2 amulet of reflection
HPRegen  0.14/turn              i - ring of poison resistance
MPRegen  0.11/turn              l - ring of protection from cold

@: no status effects
A: change form in water, swift swim, stealthy swim
a: no special abilities


You were on level 4 of the Dungeon.
You were not hungry.

You visited 1 branch of the dungeon, and saw 4 of its levels.

You collected 132 gold pieces.

Inventory:

Missiles
 a - 42 arrows
Armour
 b - a +0 robe (worn)
 f - a cursed +0 buckler
Jewellery
 g - a +2 amulet of reflection (around neck)
 i - a ring of poison resistance (left hand)
 l - a ring of protection from cold (right hand)
Wands
 n - a wand of iceblast (4)
Scrolls
 c - 6 scrolls of identify
 e - a scroll of blinking
 h - 2 scrolls of amnesia
 j - 2 scrolls of remove curse
 k - a scroll of teleportation
Comestibles
 d - 4 rations
 m - 2 chunks of flesh


   Skills:
 - Level 1.1 Fighting
 - Level 2.6 Dodging
 + Level 3.2 Unarmed Combat
 - Level 2.0 Spellcasting
 - Level 5.4 Transmutations
 - Level 5.1 Poison Magic


You had 5 spell levels left.
You knew the following spells:

 Your Spells              Type           Power        Failure   Level  Hunger
a - Beastly Appendage     Tmut           ###...       2%          1    #......
b - Spider Form           Tmut/Pois      ###.......   8%          3    ###....

Your spell library contained the following spells:

 Spells                   Type           Power        Failure   Level  Hunger
 Blade Hands              Tmut           ###.......   54%         5    ######.
 Ice Form                 Ice/Tmut       #.......     58%         4    #####..
 Sticks to Snakes         Tmut           ###.....     3%          2    ###....


Dungeon Overview and Level Annotations

Branches:
Dungeon (4/15)
 Temple: D:4-7

Altars:
Ru
Uskayaw

Annotations:
D:3 Zorot's ghost, amateur OpGl
D:4 Ijyb


Message History

Ijyb is lightly wounded.
Ijyb misses you.
You hit Ijyb but do no damage. Ijyb misses you.
You barely miss Ijyb. You hit Ijyb.
Ijyb is poisoned.
Ijyb is lightly wounded.
Ijyb zaps a wand.
The bolt of acid hits you!
You are splashed with acid!
The acid burns!
* * * LOW HITPOINT WARNING * * *
You hit Ijyb.
Ijyb is moderately wounded.
Ijyb completely misses you.
You hit Ijyb but do no damage.
Ijyb is heavily wounded.
Your transformation has ended.
Your +0 robe unmelds from your body.
Ijyb hits you.
* * * LOW HITPOINT WARNING * * *
Ijyb zaps a wand.
The bolt of acid hits you!
Ouch! That really hurt!
You die...

#.# #.# #.####. #<# #.#
#.####. #.# #.###.#....
#.# #.......... #.#
####..####. ## #.# #..#
#. #.######.###### #..#
#. #.#.......g...# #..#
#. #(#.####@####.# #..#
#.
#.#.#....(..#.####..#####
#.#.#.##.##.#.#........#
#.#.#.#...#.#.#.##..####
#......._.......##..#
###.#.#...#.#.####..#
#.#.##.##.#.# #..#
#.#.......#.# #.##
#.####.####[# #..


You could see Ijyb.

Vanquished Creatures
  Duvessa (D:4)
  Dowan (D:4)
  An orc wizard (D:3)
  A hound skeleton (D:4)
  An adder (D:2)
  An ooze (D:2)
  2 dart slugs
  2 leopard geckos
  5 orcs
  2 ball pythons
  5 giant cockroaches
  4 hobgoblins
  5 kobolds
  A quokka (D:2)
  9 bats
  4 frilled lizards
  5 goblins
  5 rats
55 creatures vanquished.

Notes
Turn   | Place    | Note
-------+----------+-------------------------------------------
     0 | D:1      | Curus the Merfolk Transmuter began the quest for the Orb.
     0 | D:1      | Reached XP level 1. HP: 15/15 MP: 3/3
   493 | D:1      | Reached XP level 2. HP: 21/21 MP: 5/5
  1351 | D:2      | Reached XP level 3. HP: 23/26 MP: 4/6
  1362 | D:2      | Learned a level 3 spell: Spider Form
  1504 | D:2      | Reached skill level 1 in Poison Magic
  1933 | D:2      | Reached XP level 4. HP: 30/32 MP: 7/7
  2380 | D:3      | Found a hide-covered altar of Uskayaw.
  2519 | D:3      | Noticed Zorot's ghost (amateur OpGl)
  2811 | D:4      | Noticed Duvessa
  2811 | D:4      | Noticed Dowan
  2834 | D:4      | Killed Duvessa
  2834 | D:4      | Reached skill level 5 in Poison Magic
  2834 | D:4      | Reached XP level 5. HP: 27/37 MP: 6/8
  2847 | D:4      | Killed Dowan
  2847 | D:4      | Reached skill level 5 in Transmutations
  2847 | D:4      | Reached XP level 6. HP: 30/43 MP: 4/9
  2882 | D:4      | Found a sacrificial altar of Ru.
  2907 | D:4      | Noticed Ijyb
  2930 | D:4      | Killed from afar by Ijyb

Vault maps used:
D:1:      evilmike_arrival_crescent, minmay_pentomino_w2
D:2:      minmay_misc_feat_plants
D:3:      lemuel_round_altar
D:4:      kennysheep_slug_shrine, nicolae_ru_sacrificial_ziggurat,
          nicolae_tso_carved_into_rock, first_ration, serial_shops,
          nicolae_shop_statue_plus, uniq_duvessa, uniq_edmund, uniq_ijyb

Skill      XL: |  1  2  3  4  5 |
---------------+----------------+-----
Transmutations | 3 4 5 |  5.4
Poison Magic   | 2 5 |  5.1
Fighting       | |  1.1
Dodging        | |  2.6
Unarmed Combat | |  3.2
Spellcasting   | |  2.0

Action                   |  1- 3 |  4- 6 || total
-------------------------+-------+-------++-------
Melee: Unarmed           |   152 |    96 ||   248
       Headbutt          |     5 |     1 ||     6
       Punch             |       |     1 ||     1
 Cast: Beastly Appendage |     8 |     1 ||     9
       Spider Form       |       |     4 ||     4
  Use: Scroll            |     9 |     1 ||    10
       Potion            |     5 |       ||     5
 Stab: Sleeping          |     7 |     2 ||     9
  Eat: Chunk             |     3 |     4 ||     7
Armor: Robe              |    23 |     6 ||    29
       Skin              |       |     2 ||     2
Dodge: Dodged            |    89 |    70 ||   159
Block: Other             |     3 |     7 ||    10

Table legend:
 A = Spawn XP
 B = Non-spawn XP
 C = Spawn XP percentage of total XP
 D = Spawn monster count
 E = Non-spawn monster count
 F = Spawn count percentage of total count
 G = Total turns spent on level
                    A         B        C        D         E        F      G
               +---------+---------+-------+---------+---------+-------+---------
         Total |       0 |     386 |   0.0 |       0 |      55 |   0.0 |  2930
               +---------+---------+-------+---------+---------+-------+---------
           D:1 |       0 |      30 |   0.0 |       0 |      17 |   0.0 |  1369
           D:2 |       0 |      56 |   0.0 |       0 |      24 |   0.0 |   863
           D:3 |       0 |      56 |   0.0 |       0 |      10 |   0.0 |   547
           D:4 |       0 |     244 |   0.0 |       0 |       4 |   0.0 |   151
               +---------+---------+-------+---------+---------+-------+---------
